 Dungeon Crawl Stone Soup version 0.19.5 (webtiles) character file.

107 tidbits the Slasher (level 4, -1/29 HPs)
             Began as a High Elf Skald on Nov 17, 2017.
             Slain by Sigmund
             ... wielding a +0 scythe
              (4 damage)
             ... on level 4 of the Dungeon.
             The game lasted 00:06:29 (983 turns).

tidbits the Slasher (High Elf Skald)                 Turns: 983, Time: 00:06:30

Health: -1/29      AC:  7    Str: 10    XL:     4   Next: 57%
Magic:  6/8        EV: 11    Int: 17    God:
Gold:   83         SH:  0    Dex: 17    Spells: 4 memorised, 0 levels left

rFire  . . .     SeeInvis .     a - +0 falchion
rCold  . . .     Gourm    .     B - +0 ring mail
rNeg   . . .     Faith    .     (no shield)
rPois  .         Spirit   .     (no helmet)
rElec  .         Reflect  .     (no cloak)
rCorr  .         Harm     .     (no gloves)
MR     .....                    (no boots)
Stlth  +.........               (no amulet)
                                (no ring)
                                r - +2 ring of intelligence

@: lethally poisoned (-1 -> -3), infused, flying
A: yellow scales 1, agile 1, weak 1
a: no special abilities


You were on level 4 of the Dungeon.
You were hungry.

You visited 1 branch of the dungeon, and saw 4 of its levels.

You collected 83 gold pieces.

Inventory:

Hand Weapons
 a - a +0 falchion (weapon)
 h - a +2 short sword of venom
   (You found it on level 1 of the Dungeon)
Missiles
 e - 80 stones (quivered)
 f - 16 bolts
 k - 7 silver tomahawks
 n - 52 sling bullets
 q - 24 arrows
Armour
 b - a +0 leather armour
 B - a +0 ring mail (worn)
   (You found it on level 1 of the Dungeon)
Magical Staves
 l - an uncursed staff of summoning {unknown}
   (You found it on level 2 of the Dungeon)
Jewellery
 r - a +2 ring of intelligence (left hand)
   (You found it on level 3 of the Dungeon)
Scrolls
 g - 4 scrolls of identify {unknown}
 i - a scroll of fog {unknown}
 o - a scroll of recharging {unknown}
 p - a scroll of magic mapping {unknown}
 s - 2 scrolls of fear {unknown}
Potions
 j - a potion of curing {unknown}
 m - a potion of flight
Books
 c - a book of Battle

   Spells                             Type                      Level
   a - Infusion                       Charms                       1
   b - Shroud of Golubria             Charms/Translocation         2
   c - Song of Slaying                Charms                       2
   d - Spectral Weapon                Hexes/Charms                 3
   e - Regeneration                   Charms/Necromancy            3
Comestibles
 d - a bread ration


   Skills:
 - Level 2.0 Fighting
 + Level 5.2 Long Blades
 - Level 0.8 Armour
 - Level 2.4 Dodging
 - Level 2.5 Spellcasting
 - Level 3.6 Charms


You couldn't memorise any spells.
You knew the following spells:

 Your Spells              Type           Power        Failure   Level  Hunger
a - Infusion              Chrm           ##..         12%         1    #......
g - Shroud of Golubria    Chrm/Tloc      #.........   38%         2    ##.....
r - Regeneration          Chrm/Necr      #.........   80%         3    ###....
y - Song of Slaying       Chrm           ##......     17%         2    ##.....


Dungeon Overview and Level Annotations

Branches:
Dungeon (4/15)
 Temple: D:4-7

Altars:
Trog

Annotations:
D:4 Sigmund


Innate Abilities, Weirdness & Mutations

You are partially covered in yellow scales. (AC +2)
You are agile. (Dex +2)
You are weak. (Str -2)


Message History

The adder barely misses you.
You hit the adder.
The adder is moderately wounded.
The adder closely misses you. The adder bites you but does no damage.
You closely miss the adder.
The adder is moderately wounded.
Your magical infusion is running out.
The adder barely misses you.
You riposte.
You barely miss the adder.
The adder is moderately wounded.
Your ring mail prevents you from hitting the adder.
The adder is moderately wounded.
The adder bites you but does no damage. The adder misses you.
You riposte.
You miss the adder.
The adder is moderately wounded.
You hit the adder.
The adder is severely wounded.
The adder bites you but does no damage.
You closely miss the adder.
The adder is severely wounded.
The adder barely misses you.
You barely miss the adder.
The adder is severely wounded.
The adder barely misses you. The adder closely misses you.
You hit the adder!
You kill the adder!
You are no longer magically infusing your attacks.
You see here a scroll labeled ECIM YTIENI.
s - 2 scrolls labeled ECIM YTIENI (gained 1)
The rat barely misses you.
You riposte.
You closely miss the rat. The goblin hits you but does no damage.
The goblin hits you but does no damage.
Your magical contamination has completely faded away.
You see here an adder corpse.
You see here a goblin corpse.
You hit the goblin.
The goblin is moderately wounded.
The goblin closely misses you.
You riposte.
You barely miss the goblin.
The goblin is moderately wounded.
The goblin closely misses you.
Found a chain mail.
You see here a chain mail.
A goblin is nearby!
Found an escape hatch in the floor.
There is an escape hatch in the floor here.
The goblin barely misses you.
You riposte.
You hit the goblin.
You kill the goblin!
You slide downwards.
The hatch slams shut behind you.
Found a dagger.
Found a bloodstained altar of Trog.
Found a trident.
There is a bloodstained altar of Trog here.
Things that are here:
a dagger; an animal skin A worker ant comes into view.
Found a scroll labeled QOALALUMAT.
Sigmund the Dreaded comes into view.
He is wielding a scythe.
Sigmund shouts!
Found 8 gold pieces.
The worker ant waves its antennae.
The worker ant closely misses you.
You riposte.
You hit the worker ant but do no damage.
Sigmund points at you and mumbles some strange words.
The magic dart hits you! The worker ant closely misses you.
The worker ant barely misses you.
Sigmund mumbles some strange words.
Sigmund flickers and vanishes!
Deactivating autopickup; reactivate with Ctrl-A.
The worker ant bites you but does no damage.
The worker ant bites you.
You are poisoned.
The worker ant poisons you!
You feel sick.
You feel sick.
Casting: Infusion
Confirm with . or Enter, or press ? or * to list all spells.
You begin infusing your attacks with magical energy.
The worker ant bites you but does no damage.
The worker ant bites you.
You feel sick.
The worker ant bites you but does no damage.
You barely miss the worker ant.
The worker ant bites you but does no damage.
You hit the worker ant.
The worker ant is lightly wounded.
The worker ant bites you.
You closely miss the worker ant.
The worker ant is lightly wounded.
The worker ant bites you.
* * * LOW HITPOINT WARNING * * *
The worker ant misses you.
You hit the worker ant but do no damage.
The worker ant is lightly wounded.
You feel sick. Something hits you.
* * * LOW HITPOINT WARNING * * *
The worker ant barely misses you.
It was a potion of flight.
You feel very buoyant.
You fly up into the air.
The worker ant bites you.
* * * LOW HITPOINT WARNING * * *
Something hits you.
You die...

.........# .#...
...###.#)# ....### @..
#...# ..... .. #._.#
....# .. #...# #...# .
#.#.# #######...###o# #
#.#... .......<....o.#
#.####################
#####.........a@.......
#......################
#.####.# #.# #.#
#.####.# #......#
########


You could see a worker ant.

Vanquished Creatures
  Ijyb (D:2)
  3 adders (D:3)
  A worm (D:3)
  2 dart slugs
  4 leopard geckos
  5 giant cockroaches
  3 hobgoblins (D:1)
  4 kobolds
  6 bats
  3 frilled lizards
  7 goblins
  8 rats
47 creatures vanquished.

Notes
Turn   | Place    | Note
-------+----------+-------------------------------------------
     0 | D:1      | tidbits the High Elf Skald began the quest for the Orb.
     0 | D:1      | Reached XP level 1. HP: 14/14 MP: 4/4
   299 | D:2      | Reached skill level 3 in Long Blades
   299 | D:2      | Reached XP level 2. HP: 19/19 MP: 0/6
   303 | D:2      | Learned a level 2 spell: Song of Slaying
   306 | D:2      | Learned a level 2 spell: Shroud of Golubria
   338 | D:2      | Noticed Ijyb
   341 | D:2      | Gained mutation: You are agile. (Dex +2) [potion of mutation]
   341 | D:2      | Gained mutation: You are weak. (Str -2) [potion of mutation]
   341 | D:2      | Gained mutation: You are partially covered in yellow scales. (AC +2) [potion of mutation]
   347 | D:2      | Killed Ijyb
   347 | D:2      | Reached skill level 2 in Dodging
   347 | D:2      | Reached XP level 3. HP: 19/24 MP: 1/7
   434 | D:1      | Reached skill level 4 in Long Blades
   629 | D:3      | Reached XP level 4. HP: 29/29 MP: 3/8
   634 | D:3      | Learned a level 3 spell: Regeneration
   791 | D:3      | Reached skill level 5 in Long Blades
   948 | D:4      | Found a bloodstained altar of Trog.
   958 | D:4      | Noticed Sigmund
   983 | D:4      | Slain by Sigmund

Skill      XL: |  1  2  3  4 |
---------------+-------------+-----
Long Blades    | 3 4 5 |  5.2
Dodging        | 2 |  2.4
Fighting       | |  2.0
Armour         | |  0.8
Spellcasting   | |  2.5
Charms         | |  3.6

Action                   |  1- 3 |  4- 6 || total
-------------------------+-------+-------++-------
Melee: Falchion          |    91 |    41 ||   132
 Cast: Infusion          |    10 |     5 ||    15
  Use: Potion            |     1 |     1 ||     2
Armor: Ring mail         |    48 |    41 ||    89
       Leather armour    |     1 |       ||     1
Dodge: Dodged            |    83 |    61 ||   144
       Rpst.: Falchion   |    29 |    20 ||    49

Table legend:
 A = Turns spent in this place as a percentage of turns spent in the entire game.
 B = Non-inter-level travel turns spent in this place as a percentage of non-inter-level travel turns spent in the entire game.
 C = Inter-level travel turns spent in this place as a percentage of turns spent in this place.
 D = Turns resting spent in this place as a percentage of non-inter-level travel turns spent in this place.
 E = Turns spent auto-exploring this place as a percentage of non-inter-level travel turns spent in this place.
 F = Non-inter-level travel turns spent in this place divided by the number of levels of this place that you've seen.
                   A       B       C       D       E      F
               +-------+-------+-------+-------+-------+----------------------
         Total | 100.0 | 100.0 |   0.4 |   0.0 |   0.3 | 198.5
       Dungeon | 100.0 | 100.0 |   0.4 |   0.0 |   0.3 | 198.5
               +-------+-------+-------+-------+-------+----------------------

Table legend:
 A = Kills in this place as a percentage of kills in entire the game.
 B = Kills by you in this place as a percentage of kills by you in the entire game.
 C = Kills by friends in this place as a percentage of kills by friends in the entire game.
 D = Other kills in this place as a percentage of other kills in the entire game.
 E = Experience gained in this place as a percentage of experience gained in the entire game.
 F = Experience gained in this place divided by the number of levels of this place that you have seen.
                   A       B       C       D       E      F
               +-------+-------+-------+-------+-------+----------------------
         Total | 100.0 | 100.0 |  -nan |  -nan | 100.0 |  38.5
       Dungeon | 100.0 | 100.0 |  -nan |  -nan | 100.0 |  38.5
               +-------+-------+-------+-------+-------+----------------------

Vault maps used:
D:1:      roderic_crop_circles_arrival_small, serial_glass, glass_columns_b,
          glass_columns_b, minmay_pentomino_p4
D:2:      lemuel_crystal_altar, first_bread, uniq_iyjb
D:3:      serial_curves, eino_curves_02, eino_curves_01
D:4:      minmay_temple_entry_overgrown, st_stairs_7, grunt_ministairs_13,
          bloody_trog, uniq_sigmund
